 Dungeon Crawl Stone Soup version 0.27-a0-1191-g601b473118 (webtiles) character file.

Game seed: 12208132628682802457

4 Sobieck the Poker (level 1, -1/16 HPs)
             Began as a Merfolk Gladiator on May 23, 2021.
             Frozen to death by an endoplasm (5 damage)
             ... on level 2 of the Dungeon.
             The game lasted 00:00:46 (428 turns).

Sobieck the Poker (Merfolk Gladiator)                Turns: 428, Time: 00:00:46

Health: -1/16      AC:  4    Str: 14    XL:     1   Next: 70%
Magic:  1/1        EV: 13    Int:  7    God:
Gold:   23         SH:  0    Dex: 15    Spells: 0/0 levels left

rFire    . . .     SeeInvis .   a - +0 trident {polearm}
rCold    . . .     Faith    .   (no shield)
rNeg     . . .     Spirit   .   b - +0 leather armour
rPois    .         Reflect  .   c - +0 helmet
rElec    .         Harm     .   (no cloak)
rCorr    .         Rampage  .   (no gloves)
Will     .....                  (no boots)
Stlth    +.........             (no amulet)
HPRegen  0.05/turn              (no ring)
MPRegen  0.07/turn              (no ring)

@: no status effects
A: (nimble swimmer 2), mertail
a: no special abilities


You were on level 2 of the Dungeon.
You visited 1 branch of the dungeon, and saw 2 of its levels.

You collected 23 gold pieces.


Innate Abilities, Weirdness & Mutations

((You are quick and stealthy near water. (Stealth+, EV+, Speed+++)))
Your lower body shifts to a powerful aquatic tail in water.


   Skills:
 - Level 2.1 Fighting
 + Level 4.9 Polearms
 - Level 2.0 Throwing
 - Level 4.0 Dodging


You couldn't memorise any spells.
You didn't know any spells.
Your spell library was empty.

Inventory:

Hand Weapons
 a - a +0 trident (weapon) {polearm}
Missiles
 d - 3 throwing nets (quivered) {=f!fthrowing}
 f - 8 poisoned darts {throwing}
Armour
 b - a +0 leather armour (worn)
 c - a +0 helmet (worn)
 h - a +0 pair of gloves
   (You found it on level 2 of the Dungeon)
Scrolls
 g - a scroll of torment {unknown}
Potions
 e - a potion of flight {unknown}

Dungeon Overview and Level Annotations

Branches:
Dungeon (2/15)

Altars:

#.# ######.# .......
########..##.#
#.....##..##.#
.###.###.@...##..##.## #
.........JS..##..#...#.#
####.###.r...##........###
#.....##...........
###g#####†.....)###
####...####.#...#.#
#..........g##......
#.##...####.##.##.### #
##.## #.##.. .g.


You could see an endoplasm, a hobgoblin, a ball python and a rat.


Message History

You are too injured to fight recklessly!
Unknown command.
You hit the endoplasm. The endoplasm freezes you.
You are frozen.
* * * LOW HITPOINT WARNING * * *
😨 HP[-3]
You take 3 damage, and now have 8/16 hp.
You hit the endoplasm.
You kill the endoplasm!
You start resting. 😎 HP[+8]
Your hp is fully restored (16).
Found a stone staircase leading down.
You now have 10 gold pieces.
As you open the door, it creaks loudly!
There is an open door here.
e - a metallic white potion
(D) Dungeon
Where to? (? - help)
There is a stone staircase leading down here.
You climb downwards.
There is a stone staircase leading up here.
You climb upwards.
There is a stone staircase leading down here.
You now have 17 gold pieces (gained 7).
You now have 23 gold pieces (gained 6).
A goblin comes into view. It is wielding a +0 club.
You reach to attack!
The helpless goblin fails to defend itself.
You hit the goblin. You puncture the goblin!
You kill the goblin!
No target in view!
f - 8 poisoned darts {throwing}
(D) Dungeon
Where to? (Enter - D:2, ? - help)
You open the door.
There is an open door here.
There is a stone staircase leading down here.
You climb downwards.
There is a stone staircase leading up here.
A frilled lizard comes into view.
You see here a scroll labelled CIR ZEUZOYMORI.
The frilled lizard hisses angrily.
You puncture the frilled lizard!
You kill the frilled lizard!
No target in view!
g - a scroll labelled CIR ZEUZOYMORI An endoplasm and a hobgoblin come into view.
You see here a frilled lizard corpse.
The hobgoblin shouts!
A ball python comes into view.
A rat comes into view.
You see here a +0 pair of gloves.
h - a +0 pair of gloves You barely miss the hobgoblin.
The hobgoblin completely misses you.
A hobgoblin comes into view.
The hobgoblin shouts!
The ball python hisses angrily.
The endoplasm hits you but does no damage.
The hobgoblin closely misses you. The ball python bites you.
The ball python grabs you.
The ball python constricts you. 😕 HP[-2]
You take 2 damage, and now have 14/16 hp.
You escape the ball python's grasp.
The hobgoblin misses you. The hobgoblin barely misses you.
You barely miss the hobgoblin. The hobgoblin hits you. 😮 HP[-4]
You take 4 damage, and now have 10/16 hp.
MASSIVE DAMAGE!! (PAUSE)
You hit the hobgoblin. The hobgoblin completely misses you.
You barely miss the hobgoblin. The hobgoblin misses you.
You barely miss the hobgoblin. The hobgoblin misses you.
You barely miss the hobgoblin. The hobgoblin misses you.
You hit the hobgoblin but do no damage. The hobgoblin misses you.
You barely miss the hobgoblin.
The hobgoblin hits you but does no damage.
You hit the hobgoblin.
The hobgoblin hits you but does no damage.
You barely miss the hobgoblin. The hobgoblin hits you.
* * * LOW HITPOINT WARNING * * *
😨 HP[-3]
You take 3 damage, and now have 7/16 hp.
You hit the hobgoblin.
You kill the hobgoblin! 😨 HP[+1] Unknown command.
The endoplasm freezes you.
You are frozen.
* * * LOW HITPOINT WARNING * * *
There is a stone staircase leading up here. 😱 HP[-4]
You take 4 damage, and now have 4/16 hp.
MASSIVE DAMAGE!! (PAUSE)
The endoplasm jiggles.
The endoplasm freezes you.
You are frozen.
You die...

Action                   || total
-------------------------++-------
Melee: Trident           ||    18
 Stab: Sleeping          ||     1
Armor: Leather armour    ||     3
Dodge: Dodged            ||     9

Levels and vault maps discovered:
D:1:      ncdulo_wetmaze, layout_basic
D:2:      layout_loops_ring

Notes
Turn   | Place    | Note
-------+----------+-------------------------------------------
     0 | D:1      | Sobieck the Merfolk Gladiator began the quest for the Orb.
     0 | D:1      | Reached XP level 1. HP: 16/16 MP: 1/1
     0 | D:1      | magus.rc [v1.9.6]
   427 | D:2      | HP: 4/16 [frozen (4)]
   428 | D:2      | Frozen to death by an endoplasm

Vanquished Creatures
  An endoplasm (D:1)
  A goblin (D:1)
  A hobgoblin (D:2)
  A frilled lizard (D:2)
4 creatures vanquished.

Table legend:
 A = Non-vault XP
 B = Vault XP
 C = Vault XP percentage of total XP
 D = Non-vault monster count
 E = Vault monster count
 F = Vault count percentage of total count
                 A         B        C        D         E       F
            +---------+---------+-------+---------+---------+-------
      Total |       7 |       0 |   0.0 |       4 |       0 |   0.0
            +---------+---------+-------+---------+---------+-------
        D:1 |       4 |       0 |   0.0 |       2 |       0 |   0.0
        D:2 |       3 |       0 |   0.0 |       2 |       0 |   0.0
            +---------+---------+-------+---------+---------+-------

Illustrated notes

Table legend:
 A = Kills in this place as a percentage of kills in entire the game.
 B = Kills by you in this place as a percentage of kills by you in the entire game.
 C = Kills by friends in this place as a percentage of kills by friends in the entire game.
 D = Other kills in this place as a percentage of other kills in the entire game.
 E = Experience gained in this place as a percentage of experience gained in the entire game.
 F = Experience gained in this place divided by the number of levels of this place that you have seen.
                   A       B       C       D       E      F
               +-------+-------+-------+-------+-------+----------------------
         Total | 100.0 | 100.0 |   N/A |   N/A | 100.0 |   3.5
       Dungeon | 100.0 | 100.0 |   N/A |   N/A | 100.0 |   3.5
               +-------+-------+-------+-------+-------+----------------------

Table legend: (Time is in decaauts)
 A = Elapsed time spent in this place.
 B = Non-inter-level travel time spent in this place.
 C = Inter-level travel time spent in this place.
 D = Time resting spent in this place.
 E = Time spent auto-exploring this place.
 F = Levels seen in this place.
 G = Mean time per level.
                   A        B        C        D        E       F      G
               +--------+--------+--------+--------+--------+-----+--------+
         Total |    425 |    369 |     56 |    146 |    167 |   2 |  212.5 |
       Dungeon |    425 |    369 |     56 |    146 |    167 |   2 |  212.5 |
               +--------+--------+--------+--------+--------+-----+--------+

Top non-repeatable levels by time:
     D:1: 373 daAuts
     D:2: 52 daAuts
